 Dungeon Crawl Stone Soup version 0.30-a0-118-ga018f8e90f (webtiles) character file.

Game seed: 7788855301564874273

3950 freelancePsychic the Gusty (level 10, -1/69 HPs)
             Began as an Octopode Fire Elementalist on Sept 13, 2022.
             Was an Initiate of Cheibriados.
             Slain by an orc warrior
             ... wielding a +0 glaive
              (21 damage)
             ... in a bailey.
             The game lasted 00:21:14 (12849 turns).

freelancePsychic the Gusty (OpFE)                  Turns: 12849, Time: 00:21:15

Health: -1/69      AC:  2    Str:  7    XL:     10   Next: 21%
Magic:  15/19      EV: 14    Int: 28    God:    Cheibriados [......]
Gold:   367        SH:  0    Dex: 21    Spells: 10/22 levels left

rFire   . . .      SeeInvis .    s - +7 hand axe of Voup Cemo {freeze, Int+7 Stlth+}
rCold   + + .      Faith    .    (no shield)
rNeg    . . .      Spirit   .    x - +1 hat {Stlth+}
rPois   .          Reflect  .    (no amulet)
rElec   .          Harm     .    q - ring of protection from cold
rCorr   .          Rampage  .    r - ring of willpower
Will    +....                    (no ring)
Stlth   ++++++....               (no ring)
HPRegen 0.21/turn                (no ring)
MPRegen 0.16/turn                (no ring)
                                 (no ring)
                                 (no ring)

@: very slow
A: almost no armour, amphibious, 8 rings, camouflage 1, gelatinous body 1,
(nimble swimmer 1), tentacles, agile 2, cold resistance 1
a: Renounce Religion


You were in a bailey.
You worshipped Cheibriados.
Cheibriados was noncommittal.
You visited 2 branches of the dungeon, and saw 9 of its levels.
You also visited: Bailey.

You collected 367 gold pieces.

Inventory:

Hand Weapons
 s - the +7 hand axe of Voup Cemo (weapon) {freeze, Int+7 Stlth+}
   (You found it on level 4 of the Dungeon)

   It freezes those it strikes, dealing additional cold damage.
   It can also slow down cold-blooded creatures.
   Int:       It affects your intelligence (+7).
   Stlth:     It makes you more stealthy.
Missiles
 z - 6 curare-tipped darts
Armour
 h - a +2 hat
 p - a +1 hat
 x - a +1 hat of stealth (worn)
Jewellery
 q - a ring of protection from cold (left tentacle)
 r - a ring of willpower (right tentacle)
Wands
 t - a wand of iceblast (6)
 w - a wand of flame (18)
 y - a wand of polymorph (6)
Scrolls
 e - 3 scrolls of teleportation {@r4}
 f - 2 scrolls of brand weapon
 g - a scroll of vulnerability
 o - 2 scrolls of amnesia
 u - a scroll of torment
Potions
 a - a potion of magic
 c - 6 potions of curing {unknown}
 d - a potion of brilliance
 i - a potion of mutation
 j - 2 potions of lignification
 l - 5 potions of attraction
 m - a potion of cancellation {unknown}
 n - 4 potions of degeneration
 v - a potion of flight {unknown}


   Skills:
 + Level 6.8 Fighting
 - Level 2.0 Dodging
 - Level 5.0 Stealth
 - Level 6.5 Spellcasting
 + Level 1.7 Conjurations
 - Level 5.1 Translocations
 - Level 4.5 Fire Magic
 + Level 1.1 Ice Magic
 + Level 7.7 Air Magic


You had 10 spell levels left.
You knew the following spells:

 Your Spells              Type           Power      Damage    Failure   Level
a - Foxfire               Conj/Fire      100%       2x1d9     1%          1
b - Scorch                Fire           68%        2d8       1%          2
c - Kindle Blastsparks    Fire/Tloc/Air  82%        2d16      1%          3
d - Apportation           Tloc           74%        N/A       1%          1
e - Freezing Cloud        Conj/Ice/Air   14%        6-21      36%         5

Your spell library contained the following spells:

 Spells                   Type           Power      Damage    Failure   Level
 Blink                    Tloc           74%        N/A       1%          2
 Lesser Beckoning         Tloc           37%        N/A       1%          3
 Mephitic Cloud           Conj/Pois/Air  26%        N/A       4%          3
 Necrotise                Necr           36%        1d5       6%          1
 Slow                     Hex            36%        N/A       6%          1
 Summon Small Mammal      Summ           36%        N/A       6%          1
 Inner Flame              Hex/Fire       21%        N/A       7%          3
 Manifold Assault         Tloc           37%        N/A       7%          4
 Wereblood                Tmut           9%         N/A       9%          2
 Ignite Poison            Fire/Tmut/Pois 17%        N/A       10%         3
 Iskenderun's Mystic Bla  Conj/Tloc      28%        2d7       14%         4
 Flame Wave               Conj/Fire      26%        2d8       16%         4
 Confusing Touch          Hex            9%         N/A       17%         3
 Spider Form              Tmut/Pois      9%         N/A       17%         3
 Vampiric Draining        Necr           9%         2d6       17%         3
 Cause Fear               Hex            4%         N/A       50%         4
 Alistair's Intoxication  Tmut/Pois      6%         N/A       85%         5
 Yara's Violent Unravell  Hex/Tmut       4%         3d4       85%         5
 Storm Form               Tmut/Air       15%        N/A       100%        7
 Borgnjor's Revivificati  Necr           4%         N/A       100%        8
 Discord                  Hex            4%         N/A       100%        8
 Necromutation            Tmut/Necr      4%         N/A       100%        8
 Death's Door             Necr           4%         N/A       100%        9


Dungeon Overview and Level Annotations

Branches:
Dungeon (8/15)             Temple (1/1) D:5          Bailey (1/1)
   Lair: D:8-11

Altars:
Ashenzari
Cheibriados
Elyvilon
Fedhas
Hepliaklqana
Kikubaaqudgha
Makhleb
Nemelex Xobeh
Qazlal
Sif Muna
Uskayaw
Vehumet
Xom
Yredelemnul
The Shining One
Lugonu

Annotations:
D:8 Psyche


Innate Abilities, Weirdness & Mutations

You cannot wear most types of armour.
You are amphibious.
You can wear up to eight rings at the same time.
Your skin changes colour to match your surroundings (Stealth+).
Your rubbery body absorbs attacks. (AC +1, EV +1)
((You are camouflaged when in or above water. (Stealth+)))
You have tentacles for arms and can constrict up to eight enemies at once.
You are very agile. (Dex +8, Str/Int -2)
Your flesh is cold resistant. (rC+)


Message History

You open the door.
An orc comes into view. It is wielding a +0 trident.
Casting: Scorch (safe; 1% risk of failure)
Confirm with . or Enter, or press ? or * to list all spells.
Flames lash the orc.
The orc shouts!
The orc is moderately wounded.
The orc's fire resistance burns away.
The orc hits you from afar with a +0 trident.
Casting: Scorch (safe; 1% risk of failure)
Confirm with . or Enter, or press ? or * to list all spells.
Flames lash the orc.
The orc is burned terribly!
You kill the orc!
Cheibriados appreciates the change of pace.
As you open the door, it creaks loudly!
An orc warrior comes into view. It is wielding a +0 glaive.
The orc warrior shouts!
The orc warrior hits you from afar with a +0 glaive!
Casting: Scorch (safe; 1% risk of failure)
Confirm with . or Enter, or press ? or * to list all spells.
Flames lash the orc warrior.
The orc warrior is lightly wounded.
The orc warrior's fire resistance burns away.
The orc warrior hits you from afar with a +0 glaive!!
Casting: Scorch (safe; 1% risk of failure)
Confirm with . or Enter, or press ? or * to list all spells.
Flames lash the orc warrior but do no damage.
The orc warrior hits you from afar with a +0 glaive!
Casting: Scorch (safe; 1% risk of failure)
Confirm with . or Enter, or press ? or * to list all spells.
You miscast Scorch.
You are very lightly contaminated with residual magic.
Nothing appears to happen.
The orc warrior misses you.
The orc warrior hits you from afar with a +0 glaive!
* * * LOW HITPOINT WARNING * * *
The orc warrior barely misses you.
Your magical contamination has completely faded away.
The orc warrior barely misses you.
The orc warrior hits you from afar with a +0 glaive!!
You die...

# #≈≈...............≈≈###≈≈.....#
#.##≈.).............≈##.##≈.....#
.....)..............)....#≈.....#
#.∩#≈...............≈#∩.##≈.....#
#.##≈......###......≈##.#≈≈.....#
≈.≈≈≈...#########...≈≈≈.≈≈......#
.......##.....o.##.......)......#
......##..#'#'#..##.............#
......#..##)#.##@.#.............#
.....##.#########.##...)........#
.... #.'o# #)'.##............#
#.### ###.##............# #.+
#)'.##............# #.#
###.##..).........# #..
#..##............# ##.
#................# #
#................#


You could see an orc warrior.

Vanquished Creatures
  A two-headed ogre (D:8)
  2 water moccasins
  Duvessa (D:4)
  5 orc warriors
  5 ice beasts
  A sky beast (D:7)
  A black bear (D:4)
  2 ogres
  A centaur (D:6)
  Blork the orc (D:5)
  A gnoll sergeant (D:6)
  A necrophage (D:5)
  3 scorpions
  3 wights (D:6)
  Dowan (D:4)
  6 killer bees (D:7)
  A howler monkey (D:7)
  An electric eel (D:7)
  3 hounds
  4 jellies
  A gnoll bouda (D:5)
  3 orc priests
  5 iguanas
  2 orc wizards
  7 adders
  7 gnolls
  2 shadow imps (D:7)
  3 white imps
  An ufetubus (D:7)
  5 worms
  A dart slug (D:1)
  24 orcs
  7 ball pythons
  3 bats
  6 endoplasms
  A giant cockroach (D:4)
  18 goblins
  4 hobgoblins
  2 jackals (D:2)
  5 quokkas
  4 frilled lizards
  3 kobolds
  3 rats
161 creatures vanquished.

Vanquished Creatures (others)
  204 foxfires
204 creatures vanquished.

Grand Total: 365 creatures vanquished

Notes
Turn   | Place    | Note
-------+----------+-------------------------------------------
     0 | D:1      | freelancePsychic the Octopode Fire Elementalist began the
                  | quest for the Orb.
     0 | D:1      | Reached XP level 1. HP: 11/11 MP: 3/3
   137 | D:1      | Reached XP level 2. HP: 12/17 MP: 0/5
   505 | D:1      | Reached skill level 1 in Air Magic
   795 | D:1      | Found a faded altar of an unknown god.
  1100 | D:1      | Reached skill level 1 in Translocations
  1171 | D:1      | Reached XP level 3. HP: 21/21 MP: 4/6
  1461 | D:1      | You fall into a shaft and drop 1 floor!
  1509 | D:2      | Found a basalt altar of Yredelemnul.
  1756 | D:2      | Learned a level 3 spell: Kindle Blastsparks
  1759 | D:2      | Learned a level 2 spell: Scorch
  1780 | D:2      | HP: 1/21 [shot self (20)]
  2093 | D:2      | Identified the +6 scale mail "Kip Foun" {Will++ Stlth+}
  2530 | D:2      | Got the Volume of Twisted Changing
  3432 | D:3      | Reached XP level 4. HP: 27/27 MP: 4/7
  4260 | D:3      | Noticed an ogre
  4327 | D:3      | Killed an ogre
  4328 | D:3      | Reached skill level 2 in Air Magic
  4328 | D:3      | Reached XP level 5. HP: 31/31 MP: 1/8
  4978 | D:4      | Found a white marble altar of Elyvilon.
  5140 | D:4      | Noticed a black bear
  5275 | D:4      | Reached XP level 6. HP: 36/36 MP: 0/9
  5521 | D:4      | Killed a black bear
  5522 | D:4      | Reached skill level 5 in Stealth
  5752 | D:4      | Reached skill level 3 in Air Magic
  5871 | D:4      | Found a shimmering blue altar of Sif Muna.
  5881 | D:4      | Reached XP level 7. HP: 42/42 MP: 5/10
  5922 | D:4      | Identified the +7 hand axe of Voup Cemo {freeze, Int+7
                  | Stlth+}
  6197 | D:4      | Reached skill level 1 in Fighting
  6409 | D:4      | Found a shimmering altar of Xom.
  6571 | D:5      | Entered Level 5 of the Dungeon
  6838 | D:5      | Gained mutation: You are agile. (Dex +4, Str/Int -1)
                  | [potion of mutation]
  6838 | D:5      | Gained mutation: You have hidden genetic potential. [potion
                  | of mutation]
  7511 | D:5      | Noticed Dowan
  7512 | D:5      | Noticed Duvessa
  7515 | D:5      | Reached skill level 4 in Air Magic
  7655 | D:5      | Learned a level 1 spell: Apportation
  7986 | D:5      | Reached XP level 8. HP: 35/51 MP: 1/12
  8203 | D:7      | Found a blossoming altar of Fedhas.
  8306 | D:7      | Gained mutation: You are very agile. (Dex +8, Str/Int -2)
                  | [hidden potential]
  8610 | D:7      | Reached skill level 5 in Air Magic
  8787 | D:7      | Reached skill level 5 in Translocations
  9136 | D:7      | Found a basalt altar of Yredelemnul.
  9137 | D:7      | Found a stormy altar of Qazlal.
  9145 | D:7      | Reached XP level 9. HP: 48/59 MP: 1/15
  9439 | D:7      | Gained mutation: Your flesh is cold resistant. (rC+)
                  | [hidden potential]
  9439 | D:7      | Lost mutation: You have hidden genetic potential. [hidden
                  | potential expressed]
  9612 | D:6      | Reached skill level 5 in Spellcasting
  9815 | D:7      | Reached skill level 6 in Air Magic
  9821 | D:7      | Reached skill level 5 in Fighting
 10988 | D:5      | Noticed Blork the orc
 11016 | D:4      | Killed Duvessa
 11017 | D:4      | Killed Dowan
 11223 | D:5      | Killed Blork the orc
 11461 | D:5      | Found a staircase to the Ecumenical Temple.
 11469 | Temple   | Entered the Ecumenical Temple
 11493 | Temple   | Became a worshipper of Cheibriados the Contemplative
 11763 | D:8      | Reached skill level 7 in Air Magic
 11763 | D:8      | Noticed a two-headed ogre
 11769 | D:8      | Killed a two-headed ogre
 11770 | D:8      | Reached XP level 10. HP: 69/69 MP: 6/19
 11902 | D:8      | Noticed Psyche
 11979 | D:8      | Found a flagged portal.
 12061 | Bailey   | Entered a bailey
 12634 | Bailey   | Reached skill level 1 in Ice Magic
 12764 | Bailey   | Learned a level 5 spell: Freezing Cloud
 12849 | Bailey   | Slain by an orc warrior

Illustrated notes

Levels and vault maps discovered:
D:1:      dpeg_arrival_rooms_a, layout_basic, basic_ecumenical_altar,
          hangedman_abyss_or_decor_stabs, minmay_heptomino_d4
D:2:      minmay_skewed_foursquare, layout_loops_corners, basic_altar
D:3:      layout_basic, nicolae_eternal_life
D:4:      layout_layer_cave, old_standard_altar, tgw_xom,
          mainiacjoe_overflow_cross_hatched, grunt_ministairs_2,
          hangedman_decor_points
D:5:      layout_gridville, minmay_temple_entry_enclosed_plants, uniq_duvessa,
          uniq_blork_the_orc
D:6:      layout_rooms, hex_medium
D:7:      wander_river, layout_loops_ring, general_overflow_altar,
          nicolae_overflow_squiral, grunt_decor_one_mirror
D:8:      layout_basic, enter_bailey_4, minmay_evil_grid, uniq_psyche
Temple:   corrupted_temple
Bailey:   bailey_polearm_2, bailey

Skill      XL: |  1  2  3  4  5  6  7  8  9 10 |
---------------+-------------------------------+-----
Stealth        | 3 4 5 |  5.0
Air Magic      | 1 2 3 4 5 7 |  7.7
Translocations | 1 2 3 4 5 |  5.1
Fire Magic     | 4 |  4.5
Fighting       | 2 4 6 |  6.8
Spellcasting   | 3 4 6 |  6.5
Ice Magic      | 1 |  1.1
Dodging        | |  2.0
Conjurations   | |  1.7

Action                   |  1- 3 |  4- 6 |  7- 9 | 10-12 || total
-------------------------+-------+-------+-------+-------++-------
Melee: Unarmed           |     7 |    12 |       |       ||    19
       Constrict         |     2 |     3 |     2 |       ||     7
       Tentacles         |     1 |     2 |     4 |     1 ||     8
       Punch             |     1 |       |     1 |       ||     2
       Hand axe          |       |       |     9 |     1 ||    10
 Cast: Foxfire           |    48 |     6 |    57 |    13 ||   124
       Scorch            |    10 |    40 |   136 |    23 ||   209
       Kindle Blastspark |     4 |     7 |     9 |       ||    20
       Apportation       |       |       |     1 |       ||     1
  Use: Scroll            |       |     8 |     7 |     2 ||    17
       Potion            |       |       |     3 |       ||     3
 Stab: Sleeping          |       |       |     1 |       ||     1
       Distracted        |       |       |       |     1 ||     1
Armor: Skin              |     3 |     1 |     3 |     2 ||     9
Dodge: Dodged            |    23 |    13 |    59 |    28 ||   123

Table legend: (Time is in decaauts)
 A = Elapsed time spent in this place.
 B = Non-inter-level travel time spent in this place.
 C = Inter-level travel time spent in this place.
 D = Time resting spent in this place.
 E = Time spent auto-exploring this place.
 F = Levels seen in this place.
 G = Mean time per level.
                   A        B        C        D        E       F      G
               +--------+--------+--------+--------+--------+-----+--------+
         Total |  13013 |  12351 |    662 |   2167 |   8496 |  10 | 1301.3 |
       Dungeon |  12144 |  11498 |    646 |   1807 |   8171 |   8 | 1518.0 |
        Temple |     41 |     25 |     16 |      0 |      9 |   1 |   41.0 |
        Bailey |    828 |    828 |      0 |    360 |    316 |   1 |  828.0 |
               +--------+--------+--------+--------+--------+-----+--------+

Top non-repeatable levels by time:
     D:4: 2993 daAuts
     D:7: 2133 daAuts
     D:3: 1722 daAuts
     D:2: 1694 daAuts
     D:1: 1461 daAuts
     D:5: 1107 daAuts
  Bailey: 828 daAuts
     D:6: 690 daAuts
     D:8: 340 daAuts
  Temple: 41 daAuts
